 Dungeon Crawl Stone Soup version 0.26.0-10-g1f06aea511 (webtiles) character file.

Game seed: 15479302082208699541

234 Dracia the Chopper (level 5, -4/46 HPs)
             Began as a Deep Dwarf Fighter on Jan 25, 2021.
             Slain by Harold
             ... wielding a +0 halberd
              (12 damage)
             ... on level 7 of the Dungeon on Jan 26, 2021.
             The game lasted 00:05:44 (2020 turns).

Dracia the Chopper (Deep Dwarf Fighter)             Turns: 2020, Time: 00:05:45

Health: -4/46      AC:  8    Str: 20      XL:     5   Next: 75%
Magic:  5/5        EV:  7    Int:  9      God:
Gold:   107        SH: 10    Dex: 11 (12) Spells: 4/4 levels left

rFire    . . .     SeeInvis .   a - +0 war axe
rCold    . . .     Faith    .   c - +1 kite shield
rNeg     . . .     Spirit   .   b - +0 scale mail
rPois    .         Reflect  .   o - +0 helmet (curse)
rElec    .         Harm     .   (no cloak)
rCorr    .         Rampage  .   (no gloves)
Will     .....                  (no boots)
Stlth    ..........             u - amulet of magic regeneration
HPRegen  0.00/turn              (no ring)
MPRegen  0.34/turn              (no ring)

@: weak-willed, marked, non-regenerating
A: damage resistance, heal wounds, sense surroundings 1, no regeneration
a: Heal Wounds


You were on level 7 of the Dungeon.
You visited 1 branch of the dungeon, and saw 5 of its levels.

You collected 107 gold pieces.


Innate Abilities, Weirdness & Mutations

You are resistant to damage.
You can heal yourself by infusing magical energy.
You passively map a small area around you.
You do not regenerate.


   Skills:
 - Level 2.6 Fighting
 + Level 6.7 Axes
 - Level 3.2 Armour
 - Level 3.2 Shields


You had 4 spell levels left.
You didn't know any spells.
Your spell library was empty.

Inventory:

Hand Weapons
 a - a +0 war axe (weapon)
 v - a -2 hand axe
Missiles
 p - 21 poisoned darts
 q - 6 javelins (quivered)
 s - a throwing net {=f=f}
Armour
 b - a +0 scale mail (worn)
 c - a +1 kite shield (worn)
 o - a cursed +0 helmet (worn)
Jewellery
 u - an amulet of magic regeneration (around neck)
 F - an uncursed ring of fire
Scrolls
 h - 3 scrolls of identify {@r1@r1}
 r - 3 scrolls of remove curse {@r2@r2}
Potions
 d - a potion of might
 e - a potion of haste {unknown}
 f - a potion of cancellation {unknown}
 g - 2 potions of brilliance
 i - 2 potions of curing {@q1@q1}
 j - a potion of lignification
 k - a potion of attraction {unknown}
 l - a potion of degeneration {unknown}
 m - a potion of resistance {unknown}
 n - a potion of mutation {unknown}
 w - a potion of flight {unknown}

Dungeon Overview and Level Annotations

Branches:
Dungeon (4/15)
 Temple: D:4-7

Altars:
Qazlal
Sif Muna

Annotations:
D:7 Harold

##..........#.......#
............#>......#
.....(......#.....).#
......##....##......#
......##....##......#
.(..................#
....................#
##....##.......@o...#
##.... #########@)o.#
#... * ##(### #..
#....# #.., #....#
#....# ######


You could see Harold, an orc wizard (weak-willed) and an orc (weak-willed).


Message History

The puff of flame hits you!
* * * LOW HITPOINT WARNING * * *
The orc barely misses you.
Use which ability? (? or * to list)
You feel much better. The orc wizard barely misses you.
You block Harold's attack. The orc hits you but does no damage.
You barely miss Harold.
Harold is lightly wounded.
You barely miss the orc wizard. You block the orc wizard's attack.
Harold hits you with a +0 halberd!
* * * LOW HITPOINT WARNING * * *
The orc hits you but does no damage.
The orc wizard hits you but does no damage.
You hit Harold.
Harold is moderately wounded.
You hit the orc wizard. Harold closely misses you.
The orc hits you but does no damage.
The orc wizard gestures at you while chanting.
You resist with some effort.
You slash Harold!
Harold is heavily wounded.
You barely miss the orc wizard. Harold hits you with a +0 halberd!
* * * LOW HITPOINT WARNING * * *
You block the orc's attack. You block the orc wizard's attack.
You barely miss Harold.
Harold is heavily wounded.
You hit the orc wizard.
The orc wizard hits you but does no damage.
Harold hits you with a +0 halberd!
You die...

Skill      XL: |  1  2  3  4  5 |
---------------+----------------+-----
Axes           | 3 4 5 6 |  6.7
Fighting       | |  2.6
Armour         | |  3.2
Shields        | |  3.2

Action                   |  1- 3 |  4- 6 || total
-------------------------+-------+-------++-------
Melee: War axe           |   122 |   142 ||   264
Throw: Javelin           |       |     1 ||     1
 Abil: Heal Wounds       |       |     8 ||     8
  Use: Scroll            |     6 |     6 ||    12
Armor: Scale mail        |    67 |   126 ||   193
Dodge: Dodged            |    43 |    64 ||   107
Block: Kite shield       |    67 |   146 ||   213

Levels and vault maps discovered:
D:1:      giann_forest_graveyard, layout_loops_cross, grunt_decor_resistance
D:2:      layout_rooms, gammafunk_temple_overflow_statue,
          kennysheep_generic_room_6
D:3:      layout_basic, uniq_robin
D:4:      layout_cave_pools, general_overflow_altar, kennysheep_mini_moat
D:7:      kennysheep_orc_sif_temple, layout_gridville, minitemple,
          lemuel_round_altar, uniq_harold

Notes
Turn   | Place    | Note
-------+----------+-------------------------------------------
     0 | D:1      | Dracia the Deep Dwarf Fighter began the quest for the Orb.
     0 | D:1      | Reached XP level 1. HP: 20/20 MP: 1/1
   116 | D:1      | Reached skill level 3 in Axes
   116 | D:1      | Reached XP level 2. HP: 21/27 MP: 2/2
   745 | D:2      | Reached skill level 4 in Axes
   745 | D:2      | Reached XP level 3. HP: 23/33 MP: 3/3
   982 | D:2      | Reached XP level 4. HP: 21/40 MP: 4/4
  1185 | D:2      | Found a shimmering blue altar of Sif Muna.
  1185 | D:2      | Found a stormy altar of Qazlal.
  1277 | D:3      | Noticed Robin
  1284 | D:3      | Reached skill level 5 in Axes
  1292 | D:3      | Killed Robin
  1878 | D:4      | Reached XP level 5. HP: 30/46 MP: 5/5
  1920 | D:4      | Reached skill level 6 in Axes
  1934 | D:4      | You fall into a shaft and drop 3 floors!
  1942 | D:7      | Noticed Harold
  2002 | D:7      | HP: 4/46 [orc priest/nerve-wracking pain (8)]
  2020 | D:7      | Slain by Harold

Vanquished Creatures
  A quasit (D:4)
  An orc priest (D:7)
  An orc wizard (D:7)
  Robin (D:3)
  3 adders (D:2)
  A white imp (D:4)
  An ooze (D:3)
  3 worms
  2 dart slugs
  4 leopard geckos
  3 orcs
  3 giant cockroaches
  13 goblins
  10 hobgoblins
  2 quokkas
  A ball python (D:3)
  7 bats
  3 frilled lizards
  7 kobolds
  12 rats
79 creatures vanquished.

Table legend: (Time is in decaauts)
 A = Elapsed time spent in this place.
 B = Non-inter-level travel time spent in this place.
 C = Inter-level travel time spent in this place.
 D = Time resting spent in this place.
 E = Time spent auto-exploring this place.
 F = Levels seen in this place.
 G = Mean time per level.
                   A        B        C        D        E       F      G
               +--------+--------+--------+--------+--------+-----+--------+
         Total |   2108 |   2038 |     70 |      0 |   1415 |   5 |  421.6 |
       Dungeon |   2108 |   2038 |     70 |      0 |   1415 |   5 |  421.6 |
               +--------+--------+--------+--------+--------+-----+--------+

Top non-repeatable levels by time:
     D:1: 768 daAuts
     D:3: 626 daAuts
     D:2: 517 daAuts
     D:4: 104 daAuts
     D:7: 90 daAuts

Table legend:
 A = Non-vault XP
 B = Vault XP
 C = Vault XP percentage of total XP
 D = Non-vault monster count
 E = Vault monster count
 F = Vault count percentage of total count
                 A         B        C        D         E       F
            +---------+---------+-------+---------+---------+-------
      Total |     294 |      41 |  12.2 |      66 |      13 |  16.5
            +---------+---------+-------+---------+---------+-------
        D:1 |      36 |       0 |   0.0 |      21 |       0 |   0.0
        D:2 |      63 |       7 |  10.0 |      18 |       2 |  10.0
        D:3 |      46 |      34 |  42.5 |      19 |      11 |  36.7
        D:4 |      63 |       0 |   0.0 |       4 |       0 |   0.0
        D:7 |      86 |       0 |   0.0 |       4 |       0 |   0.0
            +---------+---------+-------+---------+---------+-------
